 Dungeon Crawl Stone Soup version 0.21.1-1-g345015f (webtiles) character file.

211 inc the Caller (level 5, -3/21 HPs)
             Began as a Felid Wizard on Feb 23, 2018.
             Shot with an arrow by a centaur (13 damage)
             ... on level 5 of the Dungeon.
             The game lasted 00:11:10 (4358 turns).

inc the Caller (Felid Wizard)                       Turns: 4358, Time: 00:11:11

Health: -3/21      AC:  1    Str:  5    XL:     5   Next: 57%
Magic:  1/10       EV: 24    Int: 20    God:
Gold:   256        SH:  0    Dex: 15    Spells: 7/10 levels left
                                        Lives:  0   Deaths: 1

rFire    . . .     SeeInvis +   (weapon unavailable)
rCold    . . .     Gourm    .   (shield unavailable)
rNeg     . . .     Faith    .   (armour unavailable)
rPois    .         Spirit   .   (helmet unavailable)
rElec    .         Reflect  .   (cloak unavailable)
rCorr    .         Harm     .   (gloves unavailable)
MR       .....                  (boots unavailable)
Stlth    +++.......             (no amulet)
HPRegen  0.07/turn              t - +6 ring of evasion
MPRegen  0.12/turn              r - +2 ring of strength

@: quick
A: very small, no armour, no weapons or thrown items, stealth, claws 1, fangs 3,
see invisible, carnivore, speed 1, shaggy fur 1, slow metabolism 1, wild magic
1, MP-powered wands, sharp paws
a: no special abilities


You were on level 5 of the Dungeon.
You were full.

You visited 1 branch of the dungeon, and saw 5 of its levels.

You collected 256 gold pieces.

Inventory:

Jewellery
 d - an uncursed amulet of guardian spirit
 m - an uncursed ring of protection from cold
 r - a +2 ring of strength (right paw)
 t - a +6 ring of evasion (left paw)
 v - a -3 ring of strength
Wands
 s - a wand of clouds (3)
Scrolls
 e - 2 scrolls of teleportation
 f - a scroll of enchant weapon
 i - a scroll of noise
 k - a scroll of remove curse
 u - a scroll of fog {unknown}
 w - a scroll of amnesia {unknown}
Potions
 c - a potion of mutation
 g - a potion of brilliance
 h - a potion of might
 j - 3 potions of curing
 l - a potion of haste
 q - a potion of heal wounds
Books
 a - a book of Minor Magic

   Spells                             Type                      Level
   a - Magic Dart                     Conjuration                  1
   b - Blink                          Translocation                2
   c - Call Imp                       Summoning                    2
   d - Slow                           Hexes                        2
   e - Conjure Flame                  Conjuration/Fire             3
   f - Mephitic Cloud                 Conjuration/Poison/Air       3
 n - a book of Changes

   Spells                             Type                      Level
   a - Beastly Appendage              Transmutation                1
   b - Sticks to Snakes               Transmutation                2
   c - Spider Form                    Transmutation/Poison         3
   d - Ice Form                       Ice/Transmutation            4
   e - Blade Hands                    Transmutation                5
Comestibles
 b - 6 rations


   Skills:
 - Level 2.6 Dodging
 - Level 2.6 Stealth
 - Level 3.0 Spellcasting
 + Level 4.0 Conjurations
 - Level 4.3 Summonings
   Level 1.5 Translocations


You had 7 spell levels left.
You knew the following spells:

 Your Spells              Type           Power        Failure   Level  Hunger
a - Magic Dart            Conj           ###.         4%          1    None
b - Call Imp              Summ           ####....     6%          2    ##.....


Dungeon Overview and Level Annotations

Branches:
Dungeon (5/15)
 Temple: D:4-7

Altars:
Elyvilon

Shops:
D:4 =*?*[


Innate Abilities, Weirdness & Mutations

You cannot wear armour.
You are incapable of wielding weapons or throwing items.
Your paws allow you to move quietly. (Stealth)
You have sharp claws.
You have razor-sharp teeth.
You have supernaturally acute eyesight. (SInv)
You are carnivorous and can eat meat at any time.
You cover ground quickly.
You are covered in fur. (AC +1)
You have a slow metabolism.
Your sharp claws are effective at attacking unaware monsters.
Your spells are a little harder to cast, but a little more powerful.
You expend magic power (3 MP) to strengthen your wands.


Message History

Confirm with . or Enter, or press ? or * to list all spells.
A beastly little devil appears in a puff of frigid air.
The centaur shoots an arrow.
The arrow hits your crimson imp.
The centaur shoots an arrow.
The arrow closely misses your white imp.
The arrow completely misses you.
Casting: Call Imp
Confirm with . or Enter, or press ? or * to list all spells.
You don't have enough magic to cast that spell.
You swap places.
Your crimson imp hits the centaur but does no damage.
The centaur shoots an arrow.
The arrow hits your white imp!
The centaur shoots an arrow.
The arrow hits your white imp!
Your white imp dies!
Your crimson imp hits the centaur.
The centaur shoots an arrow.
The arrow barely misses your crimson imp.
The arrow hits you!
Ouch! That really hurt!
You die...

,****,,©,* #...##
,,,,,,,,,* #5c..##
,,**,,,,** #(#...##
,,******* #5##(..##
,** #(###...## ** #(#
##...## * #.# ##...##
#.# ##...## ### #@#
##c..####.. ##.#
##...##... ********
####..# ##...#...
*,,,,,,**###.....##
**.......
,,,,,,,,*#.....<..#**
**,..#....
,,,,,,,,......###...#*
*,,.##....
,,,,,,,,######* *.##.#
*,*####### *********
*##**# ***


You could see a centaur and 2 friendly crimson imps.

Vanquished Creatures
  An iguana (D:4)
  Natasha (thrice) (D:2)
  2 worker ants
  3 adders
  2 oozes
  3 dart slugs
  3 leopard geckos
  2 giant cockroaches
  7 goblins
  6 hobgoblins
  7 kobolds
  5 quokkas
  6 bats
  A frilled lizard (D:3)
  A quokka skeleton (D:4)
  7 rats
59 creatures vanquished.

Vanquished Creatures (collateral kills)
  An ogre (D:4)
  An iguana (D:4)
  A giant cockroach (D:4)
3 creatures vanquished.

Grand Total: 62 creatures vanquished

Notes
Turn   | Place    | Note
-------+----------+-------------------------------------------
     0 | D:1      | inc the Felid Wizard began the quest for the Orb.
     0 | D:1      | Reached XP level 1. HP: 7/7 MP: 5/5
     6 | D:1      | Noticed a polar bear
     6 | D:1      | Noticed a redback
     7 | D:1      | Noticed a lindwurm
    60 | D:1      | Reached skill level 1 in Conjurations
   873 | D:1      | Reached XP level 2. HP: 11/11 MP: 0/7
  1329 | D:2      | Gained mutation: You expend magic power (3 MP) to strengthen your wands. [potion of mutation]
  1329 | D:2      | Gained mutation: Your spells are a little harder to cast, but a little more powerful. [potion of mutation]
  1333 | D:2      | Reached XP level 3. HP: 13/14 MP: 0/8
  1562 | D:2      | Noticed Natasha
  1566 | D:2      | Killed Natasha
  1566 | D:2      | Noticed Natasha
  1574 | D:2      | Killed Natasha
  1574 | D:2      | Reached XP level 4. HP: 9/18 MP: 1/9
  1721 | D:2      | Learned a level 2 spell: Call Imp
  1900 | D:2      | Noticed Natasha
  1903 | D:2      | Killed Natasha
  2004 | D:2      | Found a white marble altar of Elyvilon.
  2332 | D:3      | Reached XP level 5. HP: 21/21 MP: 8/10
  2935 | D:3      | Noticed an ogre
  2985 | D:3      | HP: 1/21 [gnoll (5)]
  2988 | D:3      | Slain by a gnoll
  2989 | D:3      | Reached XP level 4. HP: -3/18 MP: 0/9
  3053 | D:4      | Found Kostruh's Antique Armour Boutique.
  3528 | D:4      | Found Zuemah's General Store.
  3535 | D:4      | Found Haova's Jewellery Boutique.
  3597 | D:4      | Found Piampy's Assorted Antiques.
  3619 | D:4      | Lost strength.
  3634 | D:4      | Noticed a phantom
  3659 | D:4      | Found Xoanush's Magic Scroll Boutique.
  3744 | D:4      | Reached XP level 5. HP: 14/21 MP: 0/10
  3875 | D:4      | Noticed an ogre
  3903 | D:4      | Killed an ogre
  3952 | D:5      | Entered Level 5 of the Dungeon
  4201 | D:5      | Noticed a centaur
  4358 | D:5      | Shot with an arrow by a centaur

Skill      XL: |  1  2  3  4  5 |
---------------+----------------+-----
Conjurations   | 2 3 4 |  4.0
Summonings     | 2 4 |  4.3
Dodging        | |  2.6
Stealth        | |  2.6
Spellcasting   | |  3.0
Translocations | |  1.5

Action                   |  1- 3 |  4- 6 || total
-------------------------+-------+-------++-------
Melee: Unarmed           |    18 |    51 ||    69
       Bite              |     2 |     4 ||     6
 Cast: Magic Dart        |    62 |   129 ||   191
       Call Imp          |       |    21 ||    21
  Use: Potion            |     3 |     2 ||     5
       Scroll            |       |     8 ||     8
 Stab: Sleeping          |       |     1 ||     1
  Eat: Chunk             |       |     7 ||     7
Armor: Skin              |     4 |     2 ||     6
Dodge: Dodged            |    20 |    98 ||   118
